Demolitions vs Little Stars
(R1)
Created - November 9, 2020 at 06:39
Goals
|
| Demolitions |
2 |
2 |
0 |
1 |
5 |
| Little Stars |
0 |
3 |
1 |
0 |
4 |
|
Shots
|
| Demolitions |
13 |
8 |
3 |
1 |
25 |
| Little Stars |
4 |
14 |
20 |
0 |
38 |
|
1st period
1. Demolitions , Brandon Saad 10 (Phil McRae 13) at 17:38
2. Demolitions , Daultan Leveillé 1 (Dennis Everberg 17) at 18:21 (PP)
Penalties :
Patrick Wiercioch (Tex) for Tripping (Minor) at 18:16
2nd period
3. Little Stars , Adam Tambellini 3 (Dana Tyrell 7) at 4:46
4. Little Stars , Joakim Nygard 4 (Daniel O'regan 2, Sebastian Wannstrom 2) at 9:57
5. Demolitions , Joel Vermin 1 (Andrej Nestrasil 7) at 16:09
6. Little Stars , Ilya Mikheyev 5 (Patrick Wiercioch 9) at 16:59 (PP)
7. Demolitions , Dennis Everberg 10 (Taylor Beck 5, Juuso Riikola 6) at 19:41 (PP)
Penalties :
Phil McRae (Vic) for Hooking (Minor) at 0:38, Ilya Mikheyev (Tex) for Hooking (Minor) at 13:55, Taylor Aronson (Vic) for Hooking (Minor) at 16:28, Patrick Wiercioch (Tex) for Hooking (Minor) at 19:07
3rd period
8. Little Stars , Sebastian Wannstrom 2 (Anton Cederholm 4, Joakim Nygard 1) at 16:31
Penalties :
Taylor Beck (Vic) for Hooking (Minor) at 9:48, Reece Willcox (Tex) for Holding (Minor) at 12:13, Phil McRae (Vic) for Hooking (Minor) at 17:30
Overtime #1
9. Demolitions , Taylor Beck 6 (Dennis Everberg 18, Juuso Riikola 7) at 0:12
Penalties :
No Penalty
Goalie Stats
Thatcher Demko (Vic), 34 saves from 38 shots - (0.895), W, 5-2-1, 60:12 minutes
Connor Knapp (Tex), 20 saves from 25 shots - (0.800), OTL, 0-1-1, 60:12 minutes
Players Stats for Demolitions
Player Name G A P +/- PIM S H SB GA TA FO MP PP MP PK MP
------------------------------------------------------------------------------------
Aaron Haydon 0 0 0 0 0 0 0 0 0 0 0/0 10:52 0:19 0:00
Alex Hutchings 0 0 0 0 0 0 2 0 0 0 0/0 4:21 0:03 1:52
Andrej Nestrasil 0 1 1 1 0 2 3 0 0 0 3/4 11:06 0:00 0:00
Brandon Saad 1 0 1 0 0 1 2 0 1 0 0/0 15:46 1:53 1:43
Christoph Bertschy 0 0 0 0 0 1 0 0 1 0 1/2 12:26 0:19 0:36
Daultan Leveillé 1 0 1 -2 0 3 5 0 0 0 13/30 19:09 2:41 1:00
Dennis Everberg 1 2 3 -1 0 3 1 2 1 1 2/6 22:29 2:41 3:38
J.T. Brown 0 0 0 0 0 0 1 0 0 0 1/1 14:03 1:53 0:00
Jaedon Descheneau 0 0 0 0 0 0 0 0 0 0 0/0 0:00 0:00 0:00
Jared Staal 0 0 0 0 0 0 3 0 0 0 0/0 8:30 0:00 0:00
Joel Vermin 1 0 1 1 0 2 0 0 0 1 0/0 11:09 0:03 0:00
Joshua Leivo 0 0 0 1 0 5 1 0 0 0 0/1 11:06 0:00 0:00
Juuso Riikola 0 2 2 0 0 3 2 2 1 1 0/0 30:00 2:26 4:04
Michael Ferland 0 0 0 0 0 0 2 0 0 0 0/0 8:30 0:00 0:00
Michael Prapavessis 0 0 0 0 0 1 1 2 0 2 0/0 21:18 1:52 2:55
Mitch Callahan 0 0 0 0 0 0 0 0 0 0 0/1 0:42 0:03 0:00
Phil McRae 0 1 1 0 4 0 2 1 1 1 4/9 14:53 1:53 0:00
Taylor Aronson 0 0 0 0 2 2 0 3 0 1 0/0 29:08 2:26 3:33
Taylor Beck 1 1 2 -1 2 1 0 2 2 0 5/6 22:00 2:41 2:32
Taylor Leier 0 0 0 0 0 0 0 0 0 0 0/0 0:00 0:00 0:00
Thomas DiPauli 0 0 0 0 0 0 0 0 0 0 0/0 0:00 0:00 0:00
Tommy Vannelli 0 0 0 0 0 1 1 2 0 1 0/0 24:12 1:52 2:24
Tyler Graovac 0 0 0 0 0 0 0 0 0 0 0/0 2:36 0:00 1:35
Players Stats for Little Stars
Player Name G A P +/- PIM S H SB GA TA FO MP PP MP PK MP
------------------------------------------------------------------------------------
Adam Tambellini 1 0 1 0 0 4 0 0 2 0 0/0 15:51 2:47 0:00
Anton Cederholm 0 1 1 1 0 2 3 0 0 0 0/0 27:10 4:17 2:36
Dana Tyrell 0 1 1 -1 0 3 1 0 0 1 8/15 18:28 2:47 2:40
Daniel O'regan 0 1 1 2 0 2 2 0 0 0 2/6 11:17 0:00 1:10
Eric Knodel 0 0 0 -1 0 3 1 1 0 1 0/0 20:42 2:11 2:01
Evgeny Kuznetsov 0 0 0 -1 0 2 0 1 1 2 16/33 22:02 3:41 2:31
Ilya Mikheyev 1 0 1 -1 2 3 5 0 1 1 0/0 16:13 2:47 0:00
Jason Dickinson 0 0 0 0 0 2 1 0 0 0 2/2 9:51 0:00 0:00
Jesse Joensuu 0 0 0 -1 0 6 4 0 2 0 1/1 20:29 3:41 1:03
Joakim Nygard 1 1 2 2 0 4 1 0 1 0 0/0 11:17 0:00 0:47
Michael Mersch 0 0 0 0 0 2 2 0 0 0 0/0 10:10 0:00 0:00
Patrick Wiercioch 0 1 1 1 4 0 2 1 0 0 0/0 26:29 4:17 1:57
Reece Willcox 0 0 0 -1 2 1 1 0 0 0 0/0 19:38 2:11 0:58
Scott Kosmachuck 0 0 0 -1 0 1 2 1 1 0 1/2 20:29 3:41 1:03
Sebastian Wannstrom 1 1 2 2 0 2 1 0 0 0 1/1 9:48 0:00 0:00
Tucker Poolman 0 0 0 0 0 0 1 1 0 1 0/0 12:20 0:00 0:00
Ville Pokka 0 0 0 0 0 1 3 0 0 1 0/0 14:02 0:00 1:42
Zach Budish 0 0 0 0 0 0 3 0 0 0 0/0 9:51 0:00 0:00
3 Stars
1 - Dennis Everberg (Vic)
2 - Sebastian Wannstrom (Tex)
3 - Joakim Nygard (Tex)
Power Play
Demolitions - 2 on 4 Attempt(s) - 50.00%
Little Stars - 1 on 4 Attempt(s) - 25.00%
Penalty Kill
Demolitions - 3 on 4 Attempt(s) - 75.00%
- Score 0 goal in Penalty Kill
Little Stars - 2 on 4 Attempt(s) - 50.00%
- Score 0 goal in Penalty Kill
Team Stat
Demolitions - Hits : 26 - Faceoff Wins : 29 - Blocked Shots : 14 - Penalty Minutes : 8
Little Stars - Hits : 33 - Faceoff Wins : 31 - Blocked Shots : 5 - Penalty Minutes : 8
Official
Referees : Unknown
Linesman : Unknown
Game Notes
No Game Note
Finance
Level 1 -- Attendance: 1475 (73.75%) -- Ticket Income $51,625
Level 2 -- Attendance: 951 (95.10%) -- Ticket Income $14,265
Total Attendance: 2426 (80.87%)
Total Ticket Income: $65,890
Other Income: $3,294
Total Income: $69,184
Demolitions
5 vs 5 Forward
Center Left Wing Right Wing Time % Phy DF OF
1 Daultan Leveillé Taylor Beck Dennis Everberg 40 1 2 2
2 Phil McRae Brandon Saad J.T. Brown 30 1 2 2
3 Andrej Nestrasil Joshua Leivo Joel Vermin 20 1 2 2
4 Christoph Bertschy Michael Ferland Jared Staal 10 1 2 2
5 vs 5 Defense
Defense Defense Time % Phy DF OF
1 Juuso Riikola Taylor Aronson 40 1 2 2
2 Tommy Vannelli Michael Prapavessis 30 1 2 2
3 Aaron Haydon Juuso Riikola 20 1 2 2
4 Taylor Aronson Tommy Vannelli 10 1 2 2
PowerPlay Forward
Center Left Wing Right Wing Time % Phy DF OF
1 Daultan Leveillé Taylor Beck Dennis Everberg 60 1 2 2
2 Phil McRae Brandon Saad J.T. Brown 40 1 2 2
PowerPlay Defense
Defense Defense Time % Phy DF OF
1 Juuso Riikola Taylor Aronson 60 1 2 2
2 Tommy Vannelli Michael Prapavessis 40 1 2 2
Penalty Kill 4 Players Forward
Center Wing Time % Phy DF OF
1 Dennis Everberg Taylor Beck 60 1 2 2
2 Daultan Leveillé Brandon Saad 40 1 2 2
Penalty Kill 4 Players Defense
Defense Defense Time % Phy DF OF
1 Juuso Riikola Taylor Aronson 60 1 2 2
2 Tommy Vannelli Michael Prapavessis 40 1 2 2
Penalty Kill - 3 Players Forward
Forward Time % Phy DF OF
1 Dennis Everberg 60 1 2 2
2 Taylor Beck 40 1 2 2
Penalty Kill - 3 Players Defense
Defense Defense Time % Phy DF OF
1 Juuso Riikola Taylor Aronson 60 1 2 2
2 Tommy Vannelli Michael Prapavessis 40 1 2 2
4 vs 4 Forward
Center Wing Time % Phy DF OF
1 Dennis Everberg Taylor Beck 60 1 2 2
2 Daultan Leveillé Brandon Saad 40 1 2 2
4 vs 4 Defense
Defense Defense Time % Phy DF OF
1 Juuso Riikola Taylor Aronson 60 1 2 2
2 Tommy Vannelli Michael Prapavessis 40 1 2 2
Last Minutes Offensive
Center Left Wing Right Wing Defense Defense
Daultan Leveillé Taylor Beck Dennis Everberg Juuso Riikola Taylor Aronson
Last Minutes Defensive
Center Left Wing Right Wing Defense Defense
Daultan Leveillé Taylor Beck Dennis Everberg Juuso Riikola Taylor Aronson
Goaltenders
Starting : Thatcher Demko
Backup : Brandon Halverson
Extra Forwards
Normal : Mitch Callahan, Alex Hutchings, Tyler Graovac - PP : Mitch Callahan, Alex Hutchings - PK : Tyler Graovac
Extra Defensemen
Normal : Aaron Haydon, Michael Prapavessis, Juuso Riikola - PP : Aaron Haydon - PK : Michael Prapavessis, Juuso Riikola
Penalty Shots
Dennis Everberg, Taylor Beck, Daultan Leveillé, Brandon Saad, J.T. Brown
Scratches
Colton Gillies (Torn Right ACL Injury), Nikita Tryamkin (Torn Right Knee Ligaments Injury), Jake Paterson (Healthy)
Little Stars
5 vs 5 Forward
Center Left Wing Right Wing Time % Phy DF OF
1 Evgeny Kuznetsov Jesse Joensuu Scott Kosmachuck 40 1 2 2
2 Dana Tyrell Adam Tambellini Ilya Mikheyev 30 1 2 2
3 Daniel O'regan Joakim Nygard Sebastian Wannstrom 20 1 2 2
4 Jason Dickinson Michael Mersch Zach Budish 10 1 2 2
5 vs 5 Defense
Defense Defense Time % Phy DF OF
1 Patrick Wiercioch Anton Cederholm 40 1 2 2
2 Eric Knodel Reece Willcox 30 1 2 2
3 Tucker Poolman Ville Pokka 20 1 2 2
4 Patrick Wiercioch Anton Cederholm 10 1 2 2
PowerPlay Forward
Center Left Wing Right Wing Time % Phy DF OF
1 Evgeny Kuznetsov Jesse Joensuu Scott Kosmachuck 60 0 2 3
2 Dana Tyrell Adam Tambellini Ilya Mikheyev 40 0 2 3
PowerPlay Defense
Defense Defense Time % Phy DF OF
1 Patrick Wiercioch Anton Cederholm 60 0 2 3
2 Eric Knodel Reece Willcox 40 0 2 3
Penalty Kill 4 Players Forward
Center Wing Time % Phy DF OF
1 Dana Tyrell Evgeny Kuznetsov 60 0 3 2
2 Jesse Joensuu Scott Kosmachuck 40 0 3 2
Penalty Kill 4 Players Defense
Defense Defense Time % Phy DF OF
1 Patrick Wiercioch Anton Cederholm 60 0 3 2
2 Eric Knodel Reece Willcox 40 0 3 2
Penalty Kill - 3 Players Forward
Forward Time % Phy DF OF
1 Dana Tyrell 60 0 3 2
2 Evgeny Kuznetsov 40 0 3 2
Penalty Kill - 3 Players Defense
Defense Defense Time % Phy DF OF
1 Patrick Wiercioch Anton Cederholm 60 0 3 2
2 Eric Knodel Reece Willcox 40 0 3 2
4 vs 4 Forward
Center Wing Time % Phy DF OF
1 Dana Tyrell Evgeny Kuznetsov 60 1 2 2
2 Jesse Joensuu Scott Kosmachuck 40 1 2 2
4 vs 4 Defense
Defense Defense Time % Phy DF OF
1 Patrick Wiercioch Anton Cederholm 60 1 2 2
2 Eric Knodel Reece Willcox 40 1 2 2
Last Minutes Offensive
Center Left Wing Right Wing Defense Defense
Dana Tyrell Jesse Joensuu Scott Kosmachuck Patrick Wiercioch Anton Cederholm
Last Minutes Defensive
Center Left Wing Right Wing Defense Defense
Dana Tyrell Jesse Joensuu Scott Kosmachuck Patrick Wiercioch Anton Cederholm
Goaltenders
Starting : Connor Knapp
Backup : Dustin Tokarski
Extra Forwards
Normal : Joakim Nygard, Michael Mersch, Daniel O'regan - PP : Joakim Nygard, Michael Mersch - PK : Daniel O'regan
Extra Defensemen
Normal : Tucker Poolman, Ville Pokka, Eric Knodel - PP : Tucker Poolman - PK : Ville Pokka, Eric Knodel
Penalty Shots
Dana Tyrell, Evgeny Kuznetsov, Jesse Joensuu, Scott Kosmachuck, Ilya Mikheyev
Scratches
Roman Horak (Healthy), Lawrence Pilut (Healthy), Justin Auger (Healthy), Rudolfs Balcers (Healthy), Yakov Trenin (Healthy)
Jean-Christophe Beaudin (Healthy), Daniil Tarasov (Healthy), Emile Poirier (Healthy), Shane Gersich (Healthy), Radel Fazleev (Healthy)
Julien Nantel (Healthy), Peter Delmas (Healthy)
% Time on Ice - Demolitions
Lines # - Real PCT - Wanted PCT - Time Play
Normal Forward
1 - 34% - 40% - 16:30
2 - 26% - 30% - 12:49
3 - 23% - 20% - 11:06
4 - 17% - 10% - 8:30
Normal Defense
1 - 39% - 40% - 18:56
2 - 34% - 30% - 16:26
3 - 20% - 20% - 9:40
4 - 8% - 10% - 3:53
PP Forward
1 - 59% - 60% - 2:44
2 - 41% - 40% - 1:53
PP Defense
1 - 60% - 60% - 2:45
2 - 40% - 40% - 1:52
PK Forward
1 - 85% - 60% - 5:28
2 - 15% - 40% - 1:00
PK Defense
1 - 63% - 60% - 4:04
2 - 37% - 40% - 2:24
PK3 Forward
1 - 0% - 60%
2 - 0% - 40%
PK3 Defense
1 - 0% - 60%
2 - 0% - 40%
44 Forward
1 - 100% - 60% - 0:12
2 - 0% - 40% - 0:00
44 Defense
1 - 100% - 60% - 0:12
2 - 0% - 40% - 0:00
Last Minute Offensive - 0:00
Last Minute Defensive - 0:00
Total
Forward - 60:12
Defense - 60:12
|
% Time on Ice - Little Stars
Lines # - Real PCT - Wanted PCT - Time Play
Normal Forward
1 - 33% - 40% - 15:57
2 - 27% - 30% - 13:19
3 - 20% - 20% - 9:48
4 - 20% - 10% - 9:51
Normal Defense
1 - 37% - 40% - 18:04
2 - 34% - 30% - 16:30
3 - 25% - 20% - 12:20
4 - 4% - 10% - 2:01
PP Forward
1 - 57% - 60% - 3:41
2 - 43% - 40% - 2:47
PP Defense
1 - 66% - 60% - 4:17
2 - 34% - 40% - 2:11
PK Forward
1 - 77% - 60% - 3:34
2 - 23% - 40% - 1:03
PK Defense
1 - 56% - 60% - 2:36
2 - 44% - 40% - 2:01
PK3 Forward
1 - 0% - 60%
2 - 0% - 40%
PK3 Defense
1 - 0% - 60%
2 - 0% - 40%
44 Forward
1 - 100% - 60% - 0:12
2 - 0% - 40% - 0:00
44 Defense
1 - 100% - 60% - 0:12
2 - 0% - 40% - 0:00
Last Minute Offensive - 0:00
Last Minute Defensive - 0:00
Total
Forward - 60:12
Defense - 60:12
|
Play-by-Play
1st period
0:01 of 1st period - Evgeny Kuznetsov wins face-off versus Daultan Leveillé in neutral zone.
0:15 of 1st period - Snap shot by Evgeny Kuznetsov.
0:15 of 1st period - Shot Blocked by Taylor Aronson.
0:46 of 1st period - Snap shot by Andrej Nestrasil.
0:46 of 1st period - Shot Misses the Net.
1:01 of 1st period - Eric Knodel is hit by Andrej Nestrasil and loses puck.
1:58 of 1st period - Backhand shot by Michael Mersch.
1:58 of 1st period - Shot Misses the Net.
2:20 of 1st period - Dana Tyrell is hit by Andrej Nestrasil and loses puck.
2:25 of 1st period - Snap shot by Andrej Nestrasil.
2:25 of 1st period - Stopped by Connor Knapp with a rebound.
2:45 of 1st period - Snap shot by Jesse Joensuu.
2:45 of 1st period - Stopped by Thatcher Demko without a rebound.
2:46 of 1st period - Taylor Beck wins face-off versus Evgeny Kuznetsov in Demolitions zone.
3:14 of 1st period - Phil McRae is hit by Michael Mersch and loses puck.
3:43 of 1st period - Wrist shot by Christoph Bertschy.
3:43 of 1st period - Shot Blocked by Eric Knodel.
4:31 of 1st period - Wrist shot by Evgeny Kuznetsov.
4:31 of 1st period - Shot Misses the Net.
5:10 of 1st period - Anton Cederholm is hit by Michael Ferland and loses puck.
5:23 of 1st period - Tommy Vannelli is hit by Jason Dickinson and loses puck.
6:00 of 1st period - Jared Staal is hit by Ville Pokka and loses puck.
6:24 of 1st period - Juuso Riikola is hit by Zach Budish and loses puck.
6:39 of 1st period - Michael Mersch is hit by Jared Staal and loses puck.
6:58 of 1st period - Taylor Aronson is hit by Zach Budish.
7:02 of 1st period - Zach Budish is hit by Jared Staal.
7:15 of 1st period - Jared Staal is hit by Zach Budish and loses puck.
7:20 of 1st period - Snap shot by Jason Dickinson.
7:20 of 1st period - Shot Misses the Net.
7:28 of 1st period - Patrick Wiercioch is hit by Alex Hutchings and loses puck.
7:42 of 1st period - Jason Dickinson is hit by Michael Ferland and loses puck.
8:03 of 1st period - Patrick Wiercioch is hit by Jared Staal and loses puck.
8:24 of 1st period - Snap shot by Zach Budish.
8:24 of 1st period - Shot Misses the Net.
8:26 of 1st period - Slapshot by Eric Knodel.
8:26 of 1st period - Stopped by Thatcher Demko without a rebound.
8:27 of 1st period - Evgeny Kuznetsov wins face-off versus Daultan Leveillé in Demolitions zone.
8:52 of 1st period - Adam Tambellini is hit by J.T. Brown and loses puck.
9:01 of 1st period - Snap shot by Adam Tambellini.
9:01 of 1st period - Shot Misses the Net.
9:13 of 1st period - Slapshot by Taylor Aronson.
9:13 of 1st period - Stopped by Connor Knapp with a rebound.
9:15 of 1st period - Slapshot by Juuso Riikola.
9:15 of 1st period - Stopped by Connor Knapp with a rebound.
9:17 of 1st period - Snap shot by Andrej Nestrasil.
9:17 of 1st period - Deflect By Joshua Leivo.
9:17 of 1st period - Shot Misses the Net.
9:17 of 1st period - Puck is out of play.
9:18 of 1st period - Jesse Joensuu wins face-off versus Andrej Nestrasil in Little Stars zone.
9:31 of 1st period - Slapshot by Joshua Leivo.
9:31 of 1st period - Stopped by Connor Knapp with a rebound.
9:33 of 1st period - Slapshot by Tommy Vannelli.
9:33 of 1st period - Stopped by Connor Knapp with a rebound.
9:57 of 1st period - Wrist shot by Joshua Leivo.
9:57 of 1st period - Stopped by Connor Knapp without a rebound.
9:58 of 1st period - Daultan Leveillé wins face-off versus Daniel O'regan in Little Stars zone.
10:01 of 1st period - Slapshot by Daultan Leveillé.
10:01 of 1st period - Shot Misses the Net.
10:03 of 1st period - Wrist shot by Daultan Leveillé.
10:03 of 1st period - Shot Misses the Net.
10:05 of 1st period - Snap shot by Dennis Everberg.
10:05 of 1st period - Shot Hit the Post.
10:07 of 1st period - Snap shot by Dennis Everberg.
10:07 of 1st period - Stopped by Connor Knapp with a rebound.
10:13 of 1st period - Wrist shot by Taylor Beck.
10:13 of 1st period - Deflect By Daultan Leveillé.
10:13 of 1st period - Stopped by Connor Knapp with a rebound.
10:23 of 1st period - Phil McRae is hit by Anton Cederholm and loses puck.
10:32 of 1st period - Snap shot by Jesse Joensuu.
10:32 of 1st period - Shot Blocked by Taylor Aronson.
10:44 of 1st period - Snap shot by Juuso Riikola.
10:44 of 1st period - Shot Misses the Net.
12:10 of 1st period - Taylor Aronson is hit by Jesse Joensuu and loses puck.
12:41 of 1st period - Icing by Brandon Saad.
12:42 of 1st period - Evgeny Kuznetsov wins face-off versus Phil McRae in Demolitions zone.
12:43 of 1st period - Backhand shot by Jesse Joensuu.
12:43 of 1st period - Stopped by Thatcher Demko with a rebound.
13:29 of 1st period - Michael Prapavessis is hit by Ilya Mikheyev.
13:39 of 1st period - J.T. Brown is hit by Sebastian Wannstrom and loses puck.
13:54 of 1st period - Taylor Beck is hit by Daniel O'regan and loses puck.
15:08 of 1st period - Tommy Vannelli is hit by Ilya Mikheyev and loses puck.
16:02 of 1st period - Icing by Aaron Haydon.
16:03 of 1st period - Phil McRae wins face-off versus Evgeny Kuznetsov in Demolitions zone.
16:03 of 1st period - Phil McRae is hit by Reece Willcox.
16:27 of 1st period - Daultan Leveillé is hit by Joakim Nygard.
16:33 of 1st period - Slapshot by Sebastian Wannstrom.
16:33 of 1st period - Shot Blocked by Taylor Beck.
16:35 of 1st period - Snap shot by Daniel O'regan.
16:35 of 1st period - Stopped by Thatcher Demko with a rebound.
17:03 of 1st period - Off-side.
17:04 of 1st period - Andrej Nestrasil wins face-off versus Evgeny Kuznetsov in neutral zone.
17:18 of 1st period - Juuso Riikola is hit by Jesse Joensuu and loses puck.
17:34 of 1st period - Ville Pokka is hit by Brandon Saad.
17:38 of 1st period - Snap shot by Brandon Saad.
17:38 of 1st period - Goal by Brandon Saad - Demolitions : 1 - Little Stars : 0.
17:39 of 1st period - Daultan Leveillé wins face-off versus Evgeny Kuznetsov in neutral zone.
17:44 of 1st period - Slapshot by Taylor Aronson.
17:44 of 1st period - Shot Blocked by Patrick Wiercioch.
18:16 of 1st period - Minor Penalty to Patrick Wiercioch for Tripping.
18:17 of 1st period - Daultan Leveillé wins face-off versus Dana Tyrell in Little Stars zone.
18:17 of 1st period - Wrist shot by Dennis Everberg.
18:17 of 1st period - Stopped by Connor Knapp with a rebound.
18:19 of 1st period - Wrist shot by Daultan Leveillé.
18:19 of 1st period - Stopped by Connor Knapp with a rebound.
18:21 of 1st period - Snap shot by Daultan Leveillé.
18:21 of 1st period - Goal by Daultan Leveillé - Demolitions : 2 - Little Stars : 0.
18:22 of 1st period - Daultan Leveillé wins face-off versus Evgeny Kuznetsov in neutral zone.
18:47 of 1st period - Patrick Wiercioch is hit by Brandon Saad and loses puck.
19:36 of 1st period - Wrist shot by Michael Prapavessis.
19:36 of 1st period - Stopped by Connor Knapp without a rebound.
19:37 of 1st period - Taylor Beck wins face-off versus Evgeny Kuznetsov in Little Stars zone.
19:48 of 1st period - Snap shot by Evgeny Kuznetsov.
19:48 of 1st period - Shot Blocked by Taylor Beck.
Goals for this period are 2 for Demolitions vs 0 for Little Stars.
Shots for this period are 13 for Demolitions vs 4 for Little Stars.
2nd period
0:01 of 2nd period - Taylor Beck wins face-off versus Evgeny Kuznetsov in neutral zone.
0:12 of 2nd period - Wrist shot by Dennis Everberg.
0:12 of 2nd period - Shot Blocked by Evgeny Kuznetsov.
0:23 of 2nd period - Icing by Patrick Wiercioch.
0:24 of 2nd period - Dana Tyrell wins face-off versus Phil McRae in Little Stars zone.
0:38 of 2nd period - Minor Penalty to Phil McRae for Hooking.
0:39 of 2nd period - Dennis Everberg wins face-off versus Evgeny Kuznetsov in Demolitions zone.
0:39 of 2nd period - Dennis Everberg is hit by Anton Cederholm.
1:10 of 2nd period - Taylor Aronson is hit by Ilya Mikheyev and loses puck.
2:38 of 2nd period - Penalty to Phil McRae is over, Phil McRae is back on ice.
2:49 of 2nd period - Snap shot by Joakim Nygard.
2:49 of 2nd period - Stopped by Thatcher Demko with a rebound.
2:51 of 2nd period - Slapshot by Ville Pokka.
2:51 of 2nd period - Stopped by Thatcher Demko with a rebound.
2:53 of 2nd period - Slapshot by Ville Pokka.
2:53 of 2nd period - Shot Misses the Net.
3:25 of 2nd period - Ville Pokka is hit by Juuso Riikola and loses puck.
3:51 of 2nd period - Slapshot by Juuso Riikola.
3:51 of 2nd period - Deflect By Dana Tyrell.
3:51 of 2nd period - Stopped by Connor Knapp with a rebound.
4:42 of 2nd period - Off-side.
4:43 of 2nd period - Dana Tyrell wins face-off versus Dennis Everberg in neutral zone.
4:46 of 2nd period - Snap shot by Adam Tambellini.
4:46 of 2nd period - Goal by Adam Tambellini - Demolitions : 2 - Little Stars : 1.
4:47 of 2nd period - Scott Kosmachuck wins face-off versus Daultan Leveillé in neutral zone.
5:12 of 2nd period - J.T. Brown is hit by Dana Tyrell and loses puck.
5:17 of 2nd period - Snap shot by Dana Tyrell.
5:17 of 2nd period - Shot Misses the Net.
5:55 of 2nd period - Slapshot by Jesse Joensuu.
5:55 of 2nd period - Shot Misses the Net.
5:59 of 2nd period - Wrist shot by Jesse Joensuu.
5:59 of 2nd period - Stopped by Thatcher Demko with a rebound.
6:01 of 2nd period - Slapshot by Tucker Poolman.
6:01 of 2nd period - Shot Blocked by Dennis Everberg.
6:16 of 2nd period - Off-side.
6:17 of 2nd period - Jason Dickinson wins face-off versus Christoph Bertschy in neutral zone.
6:28 of 2nd period - Slapshot by Tommy Vannelli.
6:28 of 2nd period - Deflect By Christoph Bertschy.
6:28 of 2nd period - Stopped by Connor Knapp with a rebound.
6:30 of 2nd period - Backhand shot by Tommy Vannelli.
6:30 of 2nd period - Shot Misses the Net.
7:16 of 2nd period - Snap shot by Joshua Leivo.
7:16 of 2nd period - Stopped by Connor Knapp with a rebound.
7:18 of 2nd period - Slapshot by Taylor Aronson.
7:18 of 2nd period - Shot Blocked by Tucker Poolman.
7:20 of 2nd period - Slapshot by Taylor Aronson.
7:20 of 2nd period - Shot Misses the Net.
7:22 of 2nd period - Snap shot by Joel Vermin.
7:22 of 2nd period - Stopped by Connor Knapp with a rebound.
7:36 of 2nd period - Wrist shot by Andrej Nestrasil.
7:36 of 2nd period - Shot Misses the Net.
7:38 of 2nd period - Slapshot by Joshua Leivo.
7:38 of 2nd period - Stopped by Connor Knapp without a rebound.
7:39 of 2nd period - Daultan Leveillé wins face-off versus Evgeny Kuznetsov in Little Stars zone.
7:48 of 2nd period - Slapshot by Anton Cederholm.
7:48 of 2nd period - Deflect By Evgeny Kuznetsov.
7:48 of 2nd period - Shot Misses the Net.
7:48 of 2nd period - Puck is out of play.
7:49 of 2nd period - Evgeny Kuznetsov wins face-off versus Daultan Leveillé in Demolitions zone.
7:56 of 2nd period - Snap shot by Scott Kosmachuck.
7:56 of 2nd period - Shot Misses the Net.
7:58 of 2nd period - Slapshot by Patrick Wiercioch.
7:58 of 2nd period - Shot Misses the Net.
8:00 of 2nd period - Snap shot by Jesse Joensuu.
8:00 of 2nd period - Stopped by Thatcher Demko without a rebound.
8:01 of 2nd period - Evgeny Kuznetsov wins face-off versus Daultan Leveillé in Demolitions zone.
8:08 of 2nd period - Snap shot by Evgeny Kuznetsov.
8:08 of 2nd period - Shot Blocked by Taylor Aronson.
8:46 of 2nd period - Snap shot by Joshua Leivo.
8:46 of 2nd period - Shot Misses the Net.
9:06 of 2nd period - Jared Staal is hit by Scott Kosmachuck and loses puck.
9:27 of 2nd period - Tucker Poolman is hit by Tommy Vannelli and loses puck.
9:50 of 2nd period - Brandon Saad is hit by Daniel O'regan and loses puck.
9:55 of 2nd period - Wrist shot by Joakim Nygard.
9:55 of 2nd period - Deflect By Daniel O'regan.
9:55 of 2nd period - Stopped by Thatcher Demko with a rebound.
9:57 of 2nd period - Wrist shot by Joakim Nygard.
9:57 of 2nd period - Goal by Joakim Nygard - Demolitions : 2 - Little Stars : 2.
9:58 of 2nd period - Evgeny Kuznetsov wins face-off versus Daultan Leveillé in neutral zone.
9:58 of 2nd period - Evgeny Kuznetsov is hit by Daultan Leveillé.
10:21 of 2nd period - Icing by Juuso Riikola.
10:22 of 2nd period - Daultan Leveillé wins face-off versus Dana Tyrell in Demolitions zone.
11:09 of 2nd period - Wrist shot by Joakim Nygard.
11:09 of 2nd period - Deflect By Daniel O'regan.
11:09 of 2nd period - Shot Blocked by Juuso Riikola.
11:09 of 2nd period - Puck is out of play.
11:10 of 2nd period - Christoph Bertschy wins face-off versus Daniel O'regan in Demolitions zone.
12:14 of 2nd period - Snap shot by Joakim Nygard.
12:14 of 2nd period - Stopped by Thatcher Demko without a rebound.
12:15 of 2nd period - Evgeny Kuznetsov wins face-off versus Daultan Leveillé in Demolitions zone.
12:22 of 2nd period - Juuso Riikola is hit by Eric Knodel and loses puck.
12:41 of 2nd period - Taylor Aronson is hit by Ilya Mikheyev and loses puck.
13:55 of 2nd period - Minor Penalty to Ilya Mikheyev for Hooking.
13:56 of 2nd period - Dana Tyrell wins face-off versus Daultan Leveillé in Little Stars zone.
14:36 of 2nd period - Reece Willcox is hit by Phil McRae and loses puck.
14:51 of 2nd period - Snap shot by Jesse Joensuu.
14:51 of 2nd period - Stopped by Thatcher Demko with a rebound.
15:55 of 2nd period - Penalty to Ilya Mikheyev is over, Ilya Mikheyev is back on ice.
16:00 of 2nd period - Snap shot by Andrej Nestrasil.
16:00 of 2nd period - Shot Misses the Net.
16:05 of 2nd period - Icing by Jesse Joensuu.
16:06 of 2nd period - Andrej Nestrasil wins face-off versus Scott Kosmachuck in Little Stars zone.
16:09 of 2nd period - Snap shot by Joel Vermin.
16:09 of 2nd period - Goal by Joel Vermin - Demolitions : 3 - Little Stars : 2.
16:10 of 2nd period - Taylor Beck wins face-off versus Evgeny Kuznetsov in neutral zone.
16:13 of 2nd period - Snap shot by Taylor Aronson.
16:13 of 2nd period - Stopped by Connor Knapp without a rebound.
16:14 of 2nd period - Evgeny Kuznetsov wins face-off versus Taylor Beck in Little Stars zone.
16:23 of 2nd period - Snap shot by Evgeny Kuznetsov.
16:23 of 2nd period - Shot Blocked by Juuso Riikola.
16:28 of 2nd period - Minor Penalty to Taylor Aronson for Hooking.
16:29 of 2nd period - Evgeny Kuznetsov wins face-off versus Dennis Everberg in Demolitions zone.
16:46 of 2nd period - Michael Prapavessis is hit by Jesse Joensuu and loses puck.
16:57 of 2nd period - Slapshot by Ilya Mikheyev.
16:57 of 2nd period - Shot Blocked by Michael Prapavessis.
16:59 of 2nd period - Snap shot by Ilya Mikheyev.
16:59 of 2nd period - Goal by Ilya Mikheyev - Demolitions : 3 - Little Stars : 3.
17:00 of 2nd period - Evgeny Kuznetsov wins face-off versus Daultan Leveillé in neutral zone.
17:03 of 2nd period - Wrist shot by Scott Kosmachuck.
17:03 of 2nd period - Shot Misses the Net.
17:16 of 2nd period - Taylor Aronson is hit by Jesse Joensuu.
18:14 of 2nd period - Wrist shot by Christoph Bertschy.
18:14 of 2nd period - Shot Misses the Net.
18:40 of 2nd period - Wrist shot by Michael Mersch.
18:40 of 2nd period - Stopped by Thatcher Demko with a rebound.
18:52 of 2nd period - Slapshot by Dana Tyrell.
18:52 of 2nd period - Stopped by Thatcher Demko with a rebound.
18:54 of 2nd period - Slapshot by Eric Knodel.
18:54 of 2nd period - Stopped by Thatcher Demko without a rebound.
18:55 of 2nd period - Dana Tyrell wins face-off versus Phil McRae in Demolitions zone.
18:56 of 2nd period - Snap shot by Adam Tambellini.
18:56 of 2nd period - Stopped by Thatcher Demko without a rebound.
18:57 of 2nd period - Daultan Leveillé wins face-off versus Dana Tyrell in Demolitions zone.
19:07 of 2nd period - Minor Penalty to Patrick Wiercioch for Hooking.
19:08 of 2nd period - Dana Tyrell wins face-off versus Daultan Leveillé in Little Stars zone.
19:32 of 2nd period - Anton Cederholm is hit by Dennis Everberg and loses puck.
19:41 of 2nd period - Wrist shot by Dennis Everberg.
19:41 of 2nd period - Goal by Dennis Everberg - Demolitions : 4 - Little Stars : 3.
19:42 of 2nd period - J.T. Brown wins face-off versus Evgeny Kuznetsov in neutral zone.
Goals for this period are 2 for Demolitions vs 3 for Little Stars.
Shots for this period are 8 for Demolitions vs 14 for Little Stars.
3rd period
0:01 of 3rd period - Daultan Leveillé wins face-off versus Evgeny Kuznetsov in neutral zone.
0:08 of 3rd period - Snap shot by Dennis Everberg.
0:08 of 3rd period - Shot Misses the Net.
0:10 of 3rd period - Wrist shot by Taylor Beck.
0:10 of 3rd period - Shot Misses the Net.
0:28 of 3rd period - Icing by J.T. Brown.
0:29 of 3rd period - Phil McRae wins face-off versus Dana Tyrell in Demolitions zone.
0:54 of 3rd period - Reece Willcox is hit by Michael Prapavessis and loses puck.
1:03 of 3rd period - Evgeny Kuznetsov is hit by Daultan Leveillé and loses puck.
2:26 of 3rd period - Snap shot by Taylor Beck.
2:26 of 3rd period - Shot Blocked by Scott Kosmachuck.
2:44 of 3rd period - Snap shot by Joakim Nygard.
2:44 of 3rd period - Shot Misses the Net.
3:18 of 3rd period - Daultan Leveillé is hit by Scott Kosmachuck and loses puck.
3:25 of 3rd period - Scott Kosmachuck is hit by Daultan Leveillé and loses puck.
3:36 of 3rd period - Joel Vermin is hit by Michael Mersch and loses puck.
4:19 of 3rd period - Patrick Wiercioch is hit by Juuso Riikola.
4:25 of 3rd period - Taylor Beck is hit by Ville Pokka and loses puck.
4:40 of 3rd period - Eric Knodel is hit by Andrej Nestrasil and loses puck.
5:28 of 3rd period - Joel Vermin is hit by Tucker Poolman and loses puck.
5:33 of 3rd period - Snap shot by Dana Tyrell.
5:33 of 3rd period - Stopped by Thatcher Demko without a rebound.
5:34 of 3rd period - Daultan Leveillé wins face-off versus Evgeny Kuznetsov in Demolitions zone.
5:34 of 3rd period - Daultan Leveillé is hit by Patrick Wiercioch.
5:42 of 3rd period - Patrick Wiercioch is hit by Daultan Leveillé and loses puck.
6:24 of 3rd period - Icing by Tucker Poolman.
6:25 of 3rd period - Daniel O'regan wins face-off versus Joshua Leivo in Little Stars zone.
6:25 of 3rd period - Daniel O'regan is hit by Joshua Leivo.
6:33 of 3rd period - Snap shot by Sebastian Wannstrom.
6:33 of 3rd period - Stopped by Thatcher Demko without a rebound.
6:34 of 3rd period - Evgeny Kuznetsov wins face-off versus Daultan Leveillé in Demolitions zone.
6:45 of 3rd period - Snap shot by Scott Kosmachuck.
6:45 of 3rd period - Stopped by Thatcher Demko with a rebound.
6:47 of 3rd period - Wrist shot by Scott Kosmachuck.
6:47 of 3rd period - Shot Misses the Net.
6:49 of 3rd period - Snap shot by Anton Cederholm.
6:49 of 3rd period - Stopped by Thatcher Demko without a rebound.
6:50 of 3rd period - Dana Tyrell wins face-off versus Phil McRae in Demolitions zone.
7:01 of 3rd period - Snap shot by Dana Tyrell.
7:01 of 3rd period - Shot Blocked by Phil McRae.
7:03 of 3rd period - Snap shot by Adam Tambellini.
7:03 of 3rd period - Deflect By Ilya Mikheyev.
7:03 of 3rd period - Stopped by Thatcher Demko without a rebound.
7:04 of 3rd period - Daultan Leveillé wins face-off versus Evgeny Kuznetsov in Demolitions zone.
7:31 of 3rd period - Brandon Saad is hit by Anton Cederholm and loses puck.
7:36 of 3rd period - Wrist shot by Adam Tambellini.
7:36 of 3rd period - Stopped by Thatcher Demko without a rebound.
7:37 of 3rd period - Phil McRae wins face-off versus Dana Tyrell in Demolitions zone.
7:48 of 3rd period - Snap shot by Adam Tambellini.
7:48 of 3rd period - Stopped by Thatcher Demko without a rebound.
7:49 of 3rd period - Evgeny Kuznetsov wins face-off versus Daultan Leveillé in Demolitions zone.
7:54 of 3rd period - Wrist shot by Evgeny Kuznetsov.
7:54 of 3rd period - Stopped by Thatcher Demko without a rebound.
7:55 of 3rd period - Evgeny Kuznetsov wins face-off versus Daultan Leveillé in Demolitions zone.
7:56 of 3rd period - Snap shot by Jesse Joensuu.
7:56 of 3rd period - Shot Misses the Net.
7:58 of 3rd period - Snap shot by Evgeny Kuznetsov.
7:58 of 3rd period - Stopped by Thatcher Demko without a rebound.
7:59 of 3rd period - Daultan Leveillé wins face-off versus Evgeny Kuznetsov in Demolitions zone.
8:18 of 3rd period - Wrist shot by Jesse Joensuu.
8:18 of 3rd period - Shot Misses the Net.
8:20 of 3rd period - Slapshot by Patrick Wiercioch.
8:20 of 3rd period - Deflect By Jesse Joensuu.
8:20 of 3rd period - Stopped by Thatcher Demko without a rebound.
8:21 of 3rd period - Phil McRae wins face-off versus Dana Tyrell in Demolitions zone.
8:21 of 3rd period - Phil McRae is hit by Ilya Mikheyev.
8:29 of 3rd period - Icing by Ilya Mikheyev.
8:30 of 3rd period - Dana Tyrell wins face-off versus Phil McRae in Little Stars zone.
8:37 of 3rd period - Wrist shot by Reece Willcox.
8:37 of 3rd period - Stopped by Thatcher Demko without a rebound.
8:38 of 3rd period - Daultan Leveillé wins face-off versus Evgeny Kuznetsov in Demolitions zone.
8:51 of 3rd period - Wrist shot by Taylor Aronson.
8:51 of 3rd period - Shot Misses the Net.
8:53 of 3rd period - Snap shot by Dennis Everberg.
8:53 of 3rd period - Shot Misses the Net.
9:08 of 3rd period - Patrick Wiercioch is hit by Phil McRae and loses puck.
9:31 of 3rd period - Snap shot by Jason Dickinson.
9:31 of 3rd period - Shot Misses the Net.
9:33 of 3rd period - Slapshot by Eric Knodel.
9:33 of 3rd period - Stopped by Thatcher Demko without a rebound.
9:34 of 3rd period - Evgeny Kuznetsov wins face-off versus Daultan Leveillé in Demolitions zone.
9:43 of 3rd period - Wrist shot by Evgeny Kuznetsov.
9:43 of 3rd period - Shot Misses the Net.
9:48 of 3rd period - Minor Penalty to Taylor Beck for Hooking.
9:49 of 3rd period - Evgeny Kuznetsov wins face-off versus Dennis Everberg in Demolitions zone.
10:19 of 3rd period - Snap shot by Adam Tambellini.
10:19 of 3rd period - Shot Misses the Net.
10:21 of 3rd period - Slapshot by Patrick Wiercioch.
10:21 of 3rd period - Shot Blocked by Dennis Everberg.
10:23 of 3rd period - Wrist shot by Adam Tambellini.
10:23 of 3rd period - Shot Misses the Net.
10:25 of 3rd period - Slapshot by Dana Tyrell.
10:25 of 3rd period - Stopped by Thatcher Demko with a rebound.
11:48 of 3rd period - Penalty to Taylor Beck is over, Taylor Beck is back on ice.
11:48 of 3rd period - Anton Cederholm is hit by Alex Hutchings and loses puck.
12:07 of 3rd period - Wrist shot by Andrej Nestrasil.
12:07 of 3rd period - Shot Hit the Post.
12:09 of 3rd period - Wrist shot by Juuso Riikola.
12:09 of 3rd period - Stopped by Connor Knapp without a rebound.
12:10 of 3rd period - Andrej Nestrasil wins face-off versus Daniel O'regan in Little Stars zone.
12:11 of 3rd period - Wrist shot by Joel Vermin.
12:11 of 3rd period - Deflect By Joshua Leivo.
12:11 of 3rd period - Stopped by Connor Knapp with a rebound.
12:13 of 3rd period - Minor Penalty to Reece Willcox for Holding.
12:14 of 3rd period - Dana Tyrell wins face-off versus Daultan Leveillé in Little Stars zone.
14:13 of 3rd period - Penalty to Reece Willcox is over, Reece Willcox is back on ice.
14:29 of 3rd period - Snap shot by Andrej Nestrasil.
14:29 of 3rd period - Stopped by Connor Knapp with a rebound.
14:39 of 3rd period - Snap shot by Ilya Mikheyev.
14:39 of 3rd period - Stopped by Thatcher Demko with a rebound.
14:41 of 3rd period - Snap shot by Dana Tyrell.
14:41 of 3rd period - Shot Blocked by Tommy Vannelli.
15:46 of 3rd period - Wrist shot by Jason Dickinson.
15:46 of 3rd period - Stopped by Thatcher Demko without a rebound.
15:47 of 3rd period - Jason Dickinson wins face-off versus Mitch Callahan in Demolitions zone.
15:48 of 3rd period - Snap shot by Michael Mersch.
15:48 of 3rd period - Shot Blocked by Tommy Vannelli.
15:50 of 3rd period - Snap shot by Zach Budish.
15:50 of 3rd period - Shot Misses the Net.
16:08 of 3rd period - Slapshot by Michael Mersch.
16:08 of 3rd period - Shot Misses the Net.
16:18 of 3rd period - Wrist shot by Jason Dickinson.
16:18 of 3rd period - Stopped by Thatcher Demko with a rebound.
16:20 of 3rd period - Slapshot by Michael Mersch.
16:20 of 3rd period - Stopped by Thatcher Demko without a rebound.
16:21 of 3rd period - Sebastian Wannstrom wins face-off versus Daultan Leveillé in Demolitions zone.
16:22 of 3rd period - Wrist shot by Joakim Nygard.
16:22 of 3rd period - Stopped by Thatcher Demko without a rebound.
16:23 of 3rd period - Daniel O'regan wins face-off versus Daultan Leveillé in Demolitions zone.
16:29 of 3rd period - Slapshot by Anton Cederholm.
16:29 of 3rd period - Stopped by Thatcher Demko with a rebound.
16:31 of 3rd period - Snap shot by Sebastian Wannstrom.
16:31 of 3rd period - Goal by Sebastian Wannstrom - Demolitions : 4 - Little Stars : 4.
16:32 of 3rd period - Daultan Leveillé wins face-off versus Daniel O'regan in neutral zone.
16:35 of 3rd period - Joakim Nygard is hit by Daultan Leveillé and loses puck.
16:48 of 3rd period - Slapshot by Daniel O'regan.
16:48 of 3rd period - Shot Misses the Net.
17:30 of 3rd period - Minor Penalty to Phil McRae for Hooking.
17:31 of 3rd period - Dennis Everberg wins face-off versus Evgeny Kuznetsov in Demolitions zone.
17:38 of 3rd period - Icing by Evgeny Kuznetsov.
17:39 of 3rd period - Evgeny Kuznetsov wins face-off versus Dennis Everberg in Little Stars zone.
18:14 of 3rd period - Taylor Aronson is hit by Patrick Wiercioch and loses puck.
19:30 of 3rd period - Penalty to Phil McRae is over, Phil McRae is back on ice.
19:45 of 3rd period - Wrist shot by Daniel O'regan.
19:45 of 3rd period - Shot Blocked by Michael Prapavessis.
19:55 of 3rd period - Phil McRae is hit by Ville Pokka and loses puck.
Goals for this period are 0 for Demolitions vs 1 for Little Stars.
Shots for this period are 3 for Demolitions vs 20 for Little Stars.
Overtime #1
0:01 of 1st overtime period - Taylor Beck wins face-off versus Dana Tyrell in neutral zone.
0:10 of 1st overtime period - Wrist shot by Dennis Everberg.
0:10 of 1st overtime period - Shot Misses the Net.
0:12 of 1st overtime period - Snap shot by Taylor Beck.
0:12 of 1st overtime period - Goal by Taylor Beck - Demolitions : 5 - Little Stars : 4.
Goals for this period are 1 for Demolitions vs 0 for Little Stars.
Shots for this period are 1 for Demolitions vs 0 for Little Stars.